[Event "FIDE WSTC Open 50 2025"]
[Site "Prague"]
[Date "2025.02.20"]
[Round "4.9"]
[White "Ftacnik, Lubomir"]
[Black "Ehlvest, Jaan"]
[Result "1/2-1/2"]
[Annotator "TA"]
[ECO "E94"]
[WhiteElo "2438"]
[BlackElo "2531"]
[PlyCount "56"]
[EventDate "2025.02.17"]
[EventType "team-tourn"]
[EventCountry "CZE"]
[SourceTitle "playchess.com"]
[Source "ChessBase"]
[SourceQuality "1"]
[TimeControl "40/5400+30:1800+30"]

1. Nf3 Nf6 2. c4 g6 3. Nc3 Bg7 4. e4 d6 5. d4 O-O 6. Be2 e5 7. O-O Bg4 8. d5 a5 9. Be3 {[%emt 0:02:47] E94: King's Indian: Classical: 6 Be2 e5 7 0-0: Various Black 7th moves.} Na6 10. Ne1 Bd7 11. Nd3 {[%emt 0:01:15] White is slightly better.} b6 12. Qd2 Nc5 13. Nxc5 $146 (13. f3 Nh5 14. g3 Nxd3 15. Qxd3 Kh8 16. Qd2 Qe7 17. Nb5 Bh3 18. Rf2 Rae8 19. g4 {1-0 Al Hosani,O (2197)-Kueng,N (2005) Biel HTO 54th 2021 (6)}) 13... bxc5 14. Bh6 a4 15. Bxg7 Kxg7 {[%emt 0:00:08] The position is equal.} 16. f4 exf4 17. Rxf4 Qe7 18. Raf1 Ng8 19. Bg4 Bxg4 20. Rxg4 Nf6 21. Rgf4 Nd7 22. Nb5 Ne5 23. Qc3 Kg8 24. h3 Qd7 25. R4f2 Rfe8 26. Kh2 Re7 27. Kg1 h5 28. Kh1 Kh7 {[%emt 0:06:01] Weighted Error Value: White=0.08 (flawless) /Black=0.04 (flawless)   Inaccurate:     	White=3     	Black=1      OK:         	White=6     	Black=9      Best:        	---       	Black=1} 1/2-1/2

[Event "FIDE WSTC Open 50 2025"]
[Site "Prague"]
[Date "2025.02.20"]
[Round "4.10"]
[White "Kaidanov, Gregory"]
[Black "Mrva, Martin"]
[Result "1-0"]
[Annotator "TA"]
[ECO "C50"]
[WhiteElo "2513"]
[BlackElo "2394"]
[PlyCount "124"]
[EventDate "2025.02.17"]
[EventType "team-tourn"]
[EventCountry "CZE"]
[SourceTitle "playchess.com"]
[Source "ChessBase"]
[SourceQuality "1"]
[TimeControl "40/5400+30:1800+30"]

1. e4 e5 2. Nf3 Nc6 3. Bc4 Nf6 4. d3 Bc5 5. c3 d6 6. Bg5 h6 7. Bh4 a5 {[%emt 0:03:57] C54: Giuoco Piano: 4 c3 Nf6, main lines with 5 d4 and 5 d3.} 8. Nbd2 Qe7 9. O-O Ba7 {[%emt 0:12:37] White has an edge.} 10. Re1 g5 11. Bg3 Nh7 12. d4 Nf8 $146 (12... h5 $1 $11) ({Predecessor:} 12... h5 13. h4 g4 14. Nh2 Nf8 15. Nhf1 Ng6 16. Ne3 O-O 17. Nd5 Qd8 18. Nf1 exd4 19. cxd4 Bxd4 {0-1 Korchmar,V (2431)-Pichot,A (2647) Titled Tuesday intern op 23rd Jul Early blitz 2024 (2)}) 13. Bb5 Ng6 14. d5 {[%emt 0:01:23] White is more active.} (14. Nc4 $16) 14... Bd7 $1 $14 15. dxc6 bxc6 16. Ba4 (16. Bd3 $1 $16) 16... g4 {[%emt 0:03:11] [#]} 17. Nc4 gxf3 $15 18. Qxf3 h5 $1 {[%emt 0:00:07] Hoping for ...h4.} 19. h3 $1 Nh4 20. Bxh4 Qxh4 21. Ne3 {[%emt 0:00:55] Inhibits Bg4.} Rb8 22. Rab1 Rg8 23. Kf1 Rg6 (23... Bxe3 $15 24. Qxe3 Rg6) 24. Nf5 $11 Qf4 (24... Qf6 $11 {remains equal.}) 25. Qxf4 $16 exf4 26. Nh4 (26. Bd1 $16) 26... Rg5 $1 $11 27. Nf3 Rg7 28. Nh4 Kf8 29. b3 Re8 30. Rbd1 Re5 31. Nf3 ({Better is} 31. Rd3 $16) 31... Re6 $14 32. Rd3 Reg6 (32... Bc5 $11) 33. Nh4 $16 {[%emt 0:00:10] White leaves nothing to chance now.} Rg5 34. Rf3 Rc5 35. Rd1 ({Don't play} 35. Rxf4 $6 Rxc3 36. Rf3 Rc5 $11) 35... Ke7 36. Rdd3 (36. Rxf4 Rxc3 37. Nf5+ Bxf5 38. Rxf5 Rc2 $11) 36... Kf6 37. Rxf4+ Kg5 38. Rdf3 Rxc3 39. Rxc3 Kxf4 40. Bxc6 Be6 (40... Bxc6 $142 41. Rxc6 Kxe4 42. Rc4+ (42. Rxc7 Bc5 $18) 42... Kd3) 41. Nf3 $18 h4 42. Nxh4 Ke5 43. Nf3+ Kf6 44. Bd5 Bc5 45. Bxe6 fxe6 {[%emt 0:00:05][%mdl 4096] Endgame KRB-KRN. White is two pawns up.} 46. g4 a4 47. e5+ Kg6 48. Rc4 ({Much less strong is} 48. bxa4 Rf7 49. exd6 Bxd6) 48... a3 49. b4 Bb6 50. Rc6 Rf7 (50... dxe5 $142 51. Rxe6+ Kf7 52. Rxe5 Rg6 53. Ng5+ Kg8) 51. Kg2 {[%emt 0:00:00] White is clearly winning.} d5 52. Rxe6+ Kg7 53. g5 Rf4 54. h4 Rxb4 55. h5 Bc5 56. Rc6 Bb6 57. h6+ Kh7 58. Rf6 {[%emt 0:00:00] Threatens to win with Rf7+.} Bc5 59. Rf7+ Kg8 60. Rg7+ Kh8 61. Rxc7 Bf8 62. Rc8 Kg8 {[%emt 0:00:11] Weighted Error Value: White=0.11 (very precise) /Black=0.63  Mistake:       	White=5     	Black=6      Inaccurate:     	White=2     	Black=6      OK:         	White=23    	Black=10     Best:        	White=4     	Black=3      Strong:       	White=1     	Black=3} 1-0

[Event "FIDE WSTC Open 50 2025"]
[Site "Prague"]
[Date "2025.02.20"]
[Round "4.11"]
[White "Stohl, Igor"]
[Black "Shabalov, Alexander"]
[Result "1/2-1/2"]
[Annotator "TA"]
[ECO "D76"]
[WhiteElo "2409"]
[BlackElo "2471"]
[PlyCount "58"]
[EventDate "2025.02.17"]
[EventType "team-tourn"]
[EventCountry "CZE"]
[SourceTitle "playchess.com"]
[Source "ChessBase"]
[SourceQuality "1"]
[TimeControl "40/5400+30:1800+30"]

1. Nf3 Nf6 2. c4 g6 3. g3 Bg7 4. Bg2 O-O 5. O-O d5 6. cxd5 Nxd5 7. d4 Nb6 8. Nc3 Nc6 9. e3 a5 10. d5 {[%emt 0:21:01] 10.Qe2 is becoming the main line.} Nb4 {[%emt 0:01:31] D76: Fianchetto Grünfeld: Main Line with 7...Nb6.} 11. e4 f5 12. Nh4 $146 (12. Ng5 $142) (12. Ng5 h6 13. Ne6 Bxe6 14. dxe6 Qxd1 15. Rxd1 c6 16. exf5 gxf5 17. Bf1 Rf6 18. Be3 {0-1 Vignesh,N (2467)-Salem,A (2679) Abu Dhabi op 28th 2022 (2)}) 12... fxe4 $11 13. Bxe4 Bh3 14. Re1 c6 15. dxc6 Qxd1 16. Rxd1 bxc6 17. Bg5 e6 18. Rac1 {[%emt 0:01:49] The position is equal.} N6d5 {[%emt 0:08:37] [#] aiming for ...Nxc3.} 19. Na4 Nxa2 20. Rxc6 Nab4 21. Rcc1 Rab8 22. Bg2 Bxg2 23. Nxg2 Rbc8 24. Rxc8 Rxc8 25. Rc1 Rxc1+ 26. Bxc1 Nd3 27. Bd2 N5b4 28. b3 Nc6 29. Ne1 Nxe1 {Weighted Error Value: White=0.06 (flawless) /Black=0.04 (flawless)   Mistake:       	White=1     	---        OK:         	White=10    	Black=10     Best:        	---       	Black=1} 1/2-1/2

[Event "FIDE WSTC Open 50 2025"]
[Site "Prague"]
[Date "2025.02.20"]
[Round "4.12"]
[White "Rachels, Stuart"]
[Black "Lipka, Juraj"]
[Result "1-0"]
[Annotator "TA"]
[ECO "C09"]
[WhiteElo "2466"]
[BlackElo "2348"]
[PlyCount "139"]
[EventDate "2025.02.17"]
[EventType "team-tourn"]
[EventCountry "CZE"]
[SourceTitle "playchess.com"]
[Source "ChessBase"]
[SourceQuality "1"]
[TimeControl "40/5400+30:1800+30"]

1. e4 e6 2. d4 d5 3. Nd2 c5 4. exd5 exd5 5. Ngf3 Nc6 6. Bb5 Qe7+ 7. Be2 Qc7 {[%emt 0:00:57] C09: French Tarrasch: 3...c5 4 exd5 exd5 5 Ngf3 Nc6.} 8. O-O Nf6 9. dxc5 Bxc5 {[%emt 0:01:23] White has an edge.} 10. Nb3 Be7 {[%emt 0:00:45] 10...Bb6 is the fancy move.} 11. Re1 O-O 12. c3 h6 13. Be3 Re8 14. h3 Bf5 15. Nbd4 Bg6 16. Nh4 $146 (16. Bf1 Bf8 17. Bd3 Ne4 18. Qc2 Rac8 19. Rad1 Bh5 20. Rc1 Qd7 21. Qb1 Bd6 22. c4 {½-½ Tiviakov,S (2611)-Zhukova,N (2333) Minsk Kupreichik Memorial op rapid 2019 (7)}) 16... Bh7 17. Nhf5 Bf8 18. Bd3 Ne4 19. Qg4 {[%emt 0:17:35] Nb5 is the strong threat.} Ne5 20. Qf4 (20. Nxh6+ $2 Kh8 21. Qf4 (21. Nb5 $2 Qe7 $19) 21... gxh6 $19) (20. Qe2 $11) 20... g5 21. Qh2 Bxf5 $1 22. Nxf5 Qd7 23. Bxe4 dxe4 24. Ng3 f5 25. Bd4 Bd6 $1 (25... Nd3 26. h4 $15) 26. h4 (26. Bxe5 $17 Bxe5 27. Qh1) 26... g4 $1 $19 27. Qh1 Qf7 28. Bxe5 Bxe5 29. Nf1 h5 30. g3 Rad8 31. Qg2 Rd3 32. Re2 Red8 {[%emt 0:01:19][%csl Od3] Strong Square Black (d3)} (32... Rf3 $19 33. a4 Rd8) 33. Ne3 $17 Bc7 34. c4 Be5 35. Rb1 (35. Rae1 $17 {keeps fighting.}) 35... R8d4 (35... Rd2 $19 36. Rbe1 Bxb2 (36... Rxb2 37. Rxb2 Bxb2 38. Qf1 $17)) 36. b3 Rd2 $36 {[%emt 0:06:30][%mdl 2048] Black has strong initiative.} 37. Rbe1 Rxe2 38. Rxe2 f4 {[%emt 0:01:10] Black has a king side majority} 39. gxf4 Qxf4 {[%emt 0:00:29] Black attacks} 40. Nf1 {[%emt 0:00:15] White is weak on the dark squares} Qf3 41. Re3 {[%emt 0:33:56] [#]} (41. Re1 $17) 41... Bf4 $1 $19 42. Re1 Kf7 43. Nh2 Qxg2+ 44. Kxg2 Bxh2 ({Black should play} 44... e3 {and ...Rd2 would now be decisive} 45. Nf1 exf2 46. Kxf2 Rd3) 45. Kxh2 {[%emt 0:00:00][%mdl 4096] Endgame KR-KR} Kf6 46. Kg2 Ke5 47. Re2 {[%emt 0:00:00] Wards off Rd2} Rd3 48. c5 Rc3 (48... a5 $17 {next ...Rc3 is good for Black.} 49. Rb2 Rd5) 49. b4 Rc4 50. Rb2 Kd5 51. Kg3 Rc3+ 52. Kf4 $2 (52. Kg2 $1 $11) 52... Rf3+ 53. Kg5 {[%emt 0:00:00] [#] This costs White the game.} g3 $1 54. fxg3 Rxg3+ 55. Kxh5 e3 {[%emt 0:02:04] Prevents Rd2+} 56. Kh6 Kc4 57. h5 Kc3 58. Rh2 (58. Rb3+ Kc2 59. b5) 58... Kd3 {[%emt 0:00:37] ( -> ...e2)} (58... Kxb4 59. Rc2 $17) 59. Kh7 e2 60. Rh1 Kd2 61. h6 Rg4 62. b5 Rg5 63. c6 Rxb5 (63... bxc6 $142 64. bxc6 e1=Q (64... e1=R $2 65. Rh2+ Kc3 66. Kh8 $19) 65. Rxe1 Kxe1) 64. Kg6 Rb6 (64... e1=B 65. h7 Rc5 66. cxb7 (66. h8=R Rxc6+ 67. Kf5 Rc5+ 68. Ke4 Rc7 $16) 66... Rc6+ 67. Kf5 Rc5+ 68. Ke4 $18) 65. h7 Rxc6+ (65... e1=R $2 66. Rxe1 (66. h8=Q Rxc6+ 67. Kf7 Rc7+ 68. Kf6 Rc6+ 69. Kg5 Rc5+ 70. Kg4 Rc4+ 71. Kf5 Rc5+ 72. Kg4 Rc4+ 73. Kf5 Rc5+ 74. Kf4 Rc4+ 75. Kg5 Rc5+ 76. Kg4 $11) 66... Rxc6+ 67. Kg5 Rc5+ 68. Kf6 Rc6+ 69. Re6 $18) 66. Kg7 Rc7+ (66... e1=R 67. Rh2+ (67. h8=R $2 {too greedy.} Rxh1 68. Rxh1 Kc2 $19) (67. h8=Q Rc7+ 68. Kg6 Rc6+ 69. Kf5 Rc5+ 70. Kg4 Rc4+ 71. Kg5 Rc5+ 72. Kg4 Rc4+ 73. Kg3 Re3+ 74. Kh2 Re2+ 75. Kg3 Re3+ 76. Kh2 Re2+ 77. Kg3 Re3+ $11) 67... Kd3 68. h8=Q $11 (68. h8=B $2 Rc2 $19)) 67. Kg6 Rc8 ({Stronger than} 67... e1=R 68. Rh2+ (68. h8=R Rxh1 69. Rxh1 Kd3 $17) (68. h8=Q Rc6+ 69. Kg5 Rc5+ 70. Kg6 Rc6+ 71. Kg5 Rc5+ 72. Kg4 Rc4+ 73. Kf5 Rc5+ 74. Kf6 Rc6+ 75. Kg5 $11) 68... Kd3 69. h8=Q $11 (69. h8=R Kd4 $17)) 68. Kg7 e1=Q 69. Rxe1 Kxe1 70. h8=B {[%emt 0:00:08][%mdl 32768] Weighted Error Value: White=0.49/Black=0.13 (very precise)  Loss on time!?  Loses game:     	White=2     	---        Mistake:       	White=5     	Black=4      Inaccurate:     	White=4     	Black=4      OK:         	White=19    	Black=15     Best:        	White=3     	Black=1      Strong:       	---       	Black=4} 1-0

[Event "FIDE WSTC Open 50 2025"]
[Site "Prague"]
[Date "2025.02.20"]
[Round "4.13"]
[White "Svensson, Bengt"]
[Black "Polak, Tomas"]
[Result "0-1"]
[Annotator "TA"]
[ECO "B10"]
[WhiteElo "2297"]
[BlackElo "2463"]
[PlyCount "68"]
[EventDate "2025.02.17"]
[EventType "team-tourn"]
[EventCountry "CZE"]
[SourceTitle "playchess.com"]
[Source "ChessBase"]
[SourceQuality "1"]
[TimeControl "40/5400+30:1800+30"]

1. e4 c6 2. Nf3 d5 3. exd5 cxd5 4. Ne5 Nc6 5. d4 Nf6 6. Bb5 {[%emt 0:02:01] B10: Caro-Kann: 2 d3 and 2 c4.} Bd7 7. Nxd7 Qxd7 8. c3 {[%emt 0:00:59] The position is equal.} e6 9. O-O Bd6 10. Re1 O-O 11. Nd2 h6 12. Nf3 Ne4 $146 ({Predecessor:} 12... a6 13. Bd3 b5 14. Qe2 Qc7 15. h3 Bf4 16. Ne5 Bxc1 17. Raxc1 Nxe5 18. dxe5 Nd7 {1-0 Ambartsumova,K (2382)-Jeet,J (2279) Titled Tuesday intern op 15 Mar Late blitz 2022 (3)}) 13. c4 a6 14. Ba4 Rad8 15. Ne5 Qc7 16. Bxc6 bxc6 17. Qc2 c5 (17... Bxe5 18. dxe5 Nc5 (18... Qxe5 19. f3 $16) 19. b4 $14) 18. cxd5 exd5 (18... cxd4 $2 19. Qxe4 Rfe8 20. Bf4 $18 (20. Qxd4 exd5 21. Bf4 Re6 $18)) 19. Nf3 c4 20. Bd2 Rfe8 21. Bc3 Re6 {[%emt 0:00:59] Black has more active pieces.} 22. Qa4 Qb8 23. Qa5 (23. Qc2 $17 {is a better defense.}) 23... Bc7 24. Qa4 {[%emt 0:00:17] Black has space advantage and is better} Rde8 25. h3 (25. Qc2 $142) 25... Qc8 26. Rad1 {[%emt 0:02:16] [#]} (26. Ne5 $17) 26... Rg6 $1 $19 {[%emt 0:05:57][%cal Oc8h3] ...Qxh3! is the strong threat.} 27. Kf1 {[%emt 0:02:27] [#]} (27. Nh4 $17 Rf6 28. Ba5) 27... Rf6 $1 28. Re3 $2 {[%emt 0:02:02] [#]} (28. Ne5 {is tougher.}) 28... Ng3+ $1 29. Ke1 Rxe3+ 30. fxe3 Ne4 31. Ke2 {[%emt 0:01:28] [#]} Rxf3 $1 32. gxf3 Qxh3 $1 {[%emt 0:00:04] ( -> ...Qg2+)} 33. Rc1 (33. Re1 $19 Qg2+ 34. Kd1 Nf2+ (34... Qxf3+ $2 35. Kc1 $19) 35. Kc1 Nd3+ (35... Qxf3 $2 36. Kb1 $19) 36. Kb1 Nxe1 (36... Qxf3 $2 37. Rd1 $19) 37. Qe8+ Kh7 38. Bxe1 Qxf3 39. a3) 33... Qg2+ 34. Kd1 Qf1+ {[%emt 0:00:22] Weighted Error Value: White=0.51/Black=0.08 (flawless)   Mistake:       	White=6     	---        Inaccurate:     	White=2     	---        OK:         	White=8     	Black=8      Best:        	White=2     	Black=1      Strong:       	---       	Black=2      Brilliant:      	---       	Black=1} 0-1

[Event "FIDE WSTC Open 50 2025"]
[Site "Prague"]
[Date "2025.02.20"]
[Round "4.17"]
[White "Davies, Nigel R"]
[Black "Haba, Petr"]
[Result "1/2-1/2"]
[Annotator "TA"]
[ECO "D27"]
[WhiteElo "2294"]
[BlackElo "2442"]
[PlyCount "29"]
[EventDate "2025.02.17"]
[EventType "team-tourn"]
[EventCountry "CZE"]
[SourceTitle "playchess.com"]
[Source "ChessBase"]
[SourceQuality "1"]
[TimeControl "40/5400+30:1800+30"]

1. Nf3 d5 2. c4 dxc4 3. e3 Nf6 4. Bxc4 e6 5. d4 c5 6. O-O a6 7. b3 cxd4 8. Nxd4 Bd6 9. Nf3 {[%emt 0:08:59] D27: Queen's Gambit Accepted: Classical main line: 7 e4!? and 7 a4.} O-O 10. Bb2 Nc6 11. Nbd2 Qe7 $146 ({Predecessor:} 11... b5 12. Bxf6 gxf6 13. Be2 Bb7 14. a4 Ne5 15. axb5 axb5 16. Rxa8 Qxa8 17. Bxb5 Nxf3+ 18. Nxf3 {½-½ Le,H (2041)-Guo,E (1752) Wch U16 Girls 2008 (1)}) 12. Rc1 Rd8 {[%emt 0:04:49] The position is equal.} 13. Qc2 Bd7 14. Ne4 Nxe4 15. Qxe4 {[%emt 0:00:21] An uneventful encounter.   Weighted Error Value: White=0.10 (very precise) /Black=0.03 (flawless)   OK:         	White=2     	Black=3      Best:        	---       	Black=1} 1/2-1/2

[Event "FIDE WSTC Open 50 2025"]
[Site "Prague"]
[Date "2025.02.20"]
[Round "4.18"]
[White "Jirovsky, Milos"]
[Black "Dishman, Stephen"]
[Result "0-1"]
[Annotator "TA"]
[ECO "D02"]
[WhiteElo "2410"]
[BlackElo "2273"]
[PlyCount "60"]
[EventDate "2025.02.17"]
[EventType "team-tourn"]
[EventCountry "CZE"]
[SourceTitle "playchess.com"]
[Source "ChessBase"]
[SourceQuality "1"]
[TimeControl "40/5400+30:1800+30"]

1. Nf3 d5 2. d4 Nf6 3. c4 c6 4. Qb3 e6 5. g3 Be7 6. Bg2 O-O 7. O-O Nbd7 8. Bf4 a5 {[%emt 0:01:16] E07: Closed Catalan: Main Line (5 Nf3 0-0 6 0-0 Nbd7).} 9. Rc1 Ne4 10. Nfd2 g5 {[%emt 0:07:43] The position is equal.} 11. Nxe4 gxf4 $146 (11... a4 12. Qc3 dxe4 13. Bd2 f5 14. Qc2 Rf7 15. Nc3 Nb6 16. e3 e5 {½-½ Ingersol,H (2460)-Woelfelschneider,P (2355) WC-2017-S-00006}) 12. Ned2 Bf6 13. Nf3 fxg3 ({Black should play} 13... dxc4 $15 14. Rxc4 e5) 14. hxg3 $11 b5 15. cxb5 cxb5 16. Nc3 (16. Qxb5 Ba6 17. Qb3 Bxe2 $15) 16... b4 17. Na4 Ba6 18. Bf1 Rc8 19. e3 Bxf1 20. Kxf1 Nb6 21. Nc5 Nc4 22. Rc2 (22. Nd3 $1 $16) 22... Be7 23. Na4 Qe8 24. Kg2 f6 {[%emt 0:06:07] [#]} (24... f5 $11) 25. Rh1 (25. e4 $1 $16) 25... Qg6 {[%emt 0:03:35][%cal Og6c2] and ...Qxc2! should not be overlooked} 26. Rcc1 Rc7 {[%emt 0:04:03] [#]} (26... Bd6 $11 {keeps the balance.}) 27. Nb6 (27. Qd1 $1 $16) 27... a4 28. Nxa4 $16 {[%emt 0:00:42] Excellent horsemanship.} ({Worse is} 28. Qxa4 Nxe3+ (28... Nxb6 29. Qa6 $17) 29. fxe3 Bd6 $17) 28... Rfc8 29. Rcf1 ({Better is} 29. Rce1 $16) 29... Bd6 30. Qd1 $2 {[%emt 0:01:09][%mdl 8192] [#]} (30. Nc5 $16) 30... Nxe3+ $1 {[%mdl 512] Weighted Error Value: White=0.44/Black=0.21 (precise)   Loses game:     	White=1     	---        Mistake:       	White=4     	Black=4      Inaccurate:     	White=1     	Black=2      OK:         	White=6     	Black=7      Best:        	White=2     	---        Brilliant:      	---       	Black=1} 0-1

[Event "FIDE WSTC Open 50 2025"]
[Site "Prague"]
[Date "2025.02.20"]
[Round "4.23"]
[White "Kirkebo, Carl Peter"]
[Black "Schulz, Klaus-Juergen"]
[Result "0-1"]
[Annotator "TA"]
[ECO "A37"]
[WhiteElo "2148"]
[BlackElo "2345"]
[PlyCount "100"]
[EventDate "2025.02.17"]
[EventType "team-tourn"]
[EventCountry "CZE"]
[SourceTitle "playchess.com"]
[Source "ChessBase"]
[SourceQuality "1"]
[TimeControl "40/5400+30:1800+30"]

1. c4 c5 2. Nf3 Nc6 3. g3 g6 4. Bg2 Bg7 5. Nc3 e5 6. d3 Nge7 7. a3 a5 8. Bd2 O-O 9. O-O d6 10. Rb1 Rb8 11. Ne1 Be6 12. Nc2 d5 13. cxd5 Nxd5 14. Ne4 b6 {[%emt 0:00:40] A37: Symmetrical English vs ...g6: 4 Bg2 Bg7 5 Nf3.} 15. b4 cxb4 16. axb4 axb4 {[%emt 0:00:53] The position is equal.} 17. Nxb4 Ndxb4 18. Bxb4 Nxb4 19. Rxb4 f5 20. Nd2 {[%emt 0:01:06] [#] Not much happening anymore} (20. Nc3 $11) 20... e4 $1 $17 21. Nc4 (21. dxe4 $2 Bc3 22. Rc4 Qxd2 $19) ({White should try} 21. Rb5 $15) 21... b5 $36 {[%emt 0:02:27][%mdl 2048] White is under strong pressure.} 22. Ne3 Qa5 23. Qd2 $146 (23. Qe1 $17 {keeps fighting.}) (23. Rb1 Rfd8 24. Rc1 Bc3 25. Qc2 Rbc8 26. Qb1 Ba2 27. Qc2 b4 28. Nc4 Rxc4 29. dxc4 {0-1 Rohmeiss,R (2153)-Paehtz,T (2213) Thueringen-ch MT 2000 (4)}) 23... Rfd8 (23... Rfc8 $19 {Hoping for ...Bc3.} 24. d4 (24. dxe4 $2 Bc3 $19) 24... Bf8) 24. Rd1 Bf8 {[%emt 0:05:53] A strong pair of Bishops.} 25. Rbb1 b4 (25... Qxd2 $19 26. Rxd2 b4) 26. Qe1 exd3 {[%emt 0:05:20] Black is more active.} 27. Rxd3 Bf7 28. Qd2 Rxd3 29. exd3 Qa2 30. Qxa2 Bxa2 31. Bd5+ Bxd5 32. Nxd5 {[%emt 0:00:01][%mdl 4096] Endgame KRB-KRN} Rd8 33. Nf4 (33. Nxb4 $2 Rb8 34. Kf1 Rxb4 $19) 33... Kf7 {[%emt 0:00:16] Dodges Ne6} 34. h4 Bd6 35. Kg2 (35. Nh3 $17) 35... Bxf4 $19 36. gxf4 {[%emt 0:00:07] KR-KR} Rd4 ({Inferior is} 36... Rxd3 37. Rxb4 Rd7 38. Rb3 $14) 37. Kf3 $2 (37. Kg3) 37... Rxd3+ 38. Ke2 Rd4 39. Ke3 Re4+ 40. Kf3 Ke6 41. Rd1 b3 42. Rb1 Rb4 {[%emt 0:00:00] [#]} 43. Ke3 Kd5 (43... b2 $142 44. Kd3 Kd5 (44... Rxf4 $2 45. Rxb2 Rxh4 46. Rb6+ Ke5 47. Ke3 $19) 45. Kc3 Rb6 (45... Rxf4 $2 46. Rxb2 Rf3+ 47. Kb4 $19) 46. Kd3 Rb7 47. f3 Rb3+ 48. Kc2 Kc4 (48... Rxf3 49. Kxb2 Rh3 50. h5 $19) 49. Rg1 b1=R (49... Rxf3 $2 50. h5 $19) 50. Rxb1 Rxb1 (50... Rxf3 51. Rb7 $17) 51. Kxb1 Kd3 52. Kb2 Ke3 53. Kc3 h6 (53... Kxf3 $2 54. Kd4 $19) (53... Kxf4 $2 54. Kd4 $19) 54. Kc4 Kxf3 (54... Kxf4 $2 55. Kd5 $19) 55. Kd5 Kxf4 56. Kd4 g5 57. Kd3 g4 (57... gxh4 {gets mated.} 58. Ke2 Kg3 59. Kd3 h3 60. Kd4 h2 61. Ke5 h1=Q 62. Ke6 f4 63. Kf7 Qd5+ 64. Kf6 f3 65. Kg6 f2 66. Kg7 f1=Q 67. Kh8 Qf8+ 68. Kh7 Qdg8#) 58. Kd2 g3 59. Ke1 Ke3 (59... Kg4 60. Ke2 f4 61. Kf1 f3 62. Ke1 g2 63. Kf2 Kf4 64. h5 Ke4 65. Ke1 g1=Q+ 66. Kd2 f2 67. Kc3 f1=Q 68. Kb4 Qb1+ 69. Kc4 Qd4#) 60. Kf1 Kf3 61. Ke1 g2 62. Kd2 g1=Q (62... g1=R $2 63. Kc3 $19) 63. Kc3 Qc5+ 64. Kb3 Ke3 65. Ka4 Kd3 66. h5 Qb6 67. Ka3 Kc3 68. Ka4 Qb4#) 44. Kd3 b2 {[%emt 0:00:00] Black mates.} 45. Kc3 Rb7 46. Kd3 Rb3+ 47. Kc2 Kc4 48. Kd2 Rb6 49. Kc2 Rb7 50. Kd2 Kb3 {[%emt 0:00:00] Weighted Error Value: White=0.87/Black=0.27 (precise)   Mistake:       	White=5     	Black=2      Inaccurate:     	White=2     	---        OK:         	White=10    	Black=11     Best:        	---       	Black=5      Strong:       	---       	Black=1} 0-1

[Event "FIDE WSTC Open 50 2025"]
[Site "Prague"]
[Date "2025.02.20"]
[Round "4.25"]
[White "Csiszar, Csaba"]
[Black "Plotkin, Victor"]
[Result "1/2-1/2"]
[Annotator "TA"]
[ECO "D02"]
[WhiteElo "2378"]
[BlackElo "2259"]
[PlyCount "108"]
[EventDate "2025.02.17"]
[EventType "team-tourn"]
[EventCountry "CZE"]
[SourceTitle "playchess.com"]
[Source "ChessBase"]
[SourceQuality "1"]
[TimeControl "40/5400+30:1800+30"]

1. d4 d5 2. Nf3 Nf6 3. Bf4 c5 4. e3 Qb6 5. Nc3 Bd7 6. dxc5 {[%emt 0:15:00] D02: 1 d4 d5 2 Nf3 sidelines, including 2...Nf6 3 g3 and 2...Nf6 3 Bf4.} Qxc5 7. Be2 e6 8. O-O {[%emt 0:01:55] The position is equal.} Be7 9. a4 $146 ({Predecessor:} 9. Ne5 O-O 10. a3 Rc8 11. Bf3 Qb6 12. Rb1 Bb5 13. Nxb5 Qxb5 14. Re1 Nc6 15. Nxc6 Qxc6 {0-1 Escudero Donoso,F (2013)-Olhovik,A (2282) Titled Tuesday intern op 06th Aug Early blitz 2024 (4)}) 9... O-O 10. Ne5 Rc8 11. Bd3 Be8 12. Nb5 Nc6 13. c3 Nxe5 14. Bxe5 Qc6 15. Nd4 Qb6 16. a5 (16. Qe2 $142) 16... Qd8 17. Qf3 a6 18. Qg3 g6 19. Rfd1 Nd7 {[%emt 0:02:52] [#] aiming for ...Nxe5.} 20. Bd6 Bh4 21. Qh3 Nc5 22. Be5 {[%emt 0:08:22] Repels Bxf2+} Nxd3 23. Rxd3 Bd7 24. Re1 Bf6 25. Bxf6 Qxf6 26. e4 dxe4 27. Rxe4 Rc5 28. b4 $1 Rh5 29. Qf3 Qxf3 30. Nxf3 Bc6 31. Red4 Kf8 32. c4 e5 33. Rd8+ Rxd8 34. Rxd8+ $11 {[%emt 0:00:04][%mdl 4096] Endgame KRB-KRN} Ke7 35. Rb8 {[%emt 0:00:08][%cal Ob4b5] [#]} Kd6 36. Rd8+ (36. g4 Rh3 37. Ng5 Rb3) 36... Kc7 37. Rf8 {[%emt 0:00:04] Black must now prevent g4.} Rf5 38. Nd2 Rf4 39. Kf1 Kd6 40. f3 Ke7 41. Rb8 Rd4 42. Ke2 Rd8 43. Rxd8 Kxd8 $14 {[%emt 0:00:00] KB-KN} 44. Ke3 Ke7 45. h4 h6 46. g3 f5 47. f4 Kf6 48. Nb3 g5 49. hxg5+ hxg5 50. Nc5 exf4+ 51. gxf4 g4 52. Kf2 Ke7 53. b5 $2 axb5 $17 54. cxb5 Bxb5 {[%emt 0:00:00] Weighted Error Value: White=0.11 (very precise) /Black=0.06 (flawless)   Mistake:       	White=2     	---        Inaccurate:     	White=2     	Black=5      OK:         	White=16    	Black=25     Best:        	White=2     	Black=4      Strong:       	White=1     	---} 1/2-1/2